Cogmind - Beta 16.1 @@@ ROGUE MODE // 2026.04.16 @ 21:35:31 Player: Plexion Result: Destroyed by H-61 Shepherd with Heavy Assault Cannon Performance ------------- Evolutions (3) 1500 Regions Visited (9) 1800 Robots Destroyed (200) 1000 Value Destroyed (4738) 4738 Prototype IDs (24) 480 Alien Tech Used (0) 0 Bonus (420) 420 TOTAL SCORE: 9938 Bonus ------- High Alert Combat Kills 305 Follower Combat Kills 115 Cogmind --------- Core Integrity 0/700 Matter 8/300 Energy 27/100 System Corruption 2% Temperature Cool (6) Movement Core (1550) Ox30 Location -7/Factory Parts ------- > --- POWER (1) -------- (None) > --- PROPULSION (4) --- (None) > --- UTILITY (6) ------ Huge Storage Unit Experimental Targeting Computer Experimental Core Analyzer Transmission Jammer > --- WEAPON (2) ------- Gatling Laser Advanced Assault Cannon > --- INVENTORY (25) --- Wheel Cooled Gravmag System Combat Antigrav System Medium Storage Unit YI-UF0's Bottomless Matter Pit (1500) Makeshift Salvage Targeting Computer Advanced Launcher Guidance Computer Matter Filter Particle Accelerator Advanced EM Disruption Field Hacking Suite Hacking Suite Authchip [Propulsion] AS-neutralizer No. 17b Heavy Tesla Rifle Heavy Tesla Rifle Heavy Neutron Cannon 8R-AWN's Boregun 8R-AWN's Boregun Heavy Mace Peak State ------------ > --- POWER ------------ Light Neutrino Core > --- PROPULSION ------- Wheel Wheel Compact Wheel > --- UTILITY ---------- Cooling System Huge Storage Unit Improved Energy Well Experimental Targeting Computer Experimental Core Analyzer Improved Light Armor Plating > --- WEAPON ----------- 8R-AWN's Boregun > --- INVENTORY -------- Light Treads Cooled Gravmag System Combat Antigrav System Cooling System Medium Storage Unit YI-UF0's Bottomless Matter Pit Makeshift Salvage Targeting Computer Advanced Launcher Guidance Computer Matter Filter Particle Accelerator Transmission Jammer Advanced EM Disruption Field Hacking Suite Hacking Suite Authchip [Propulsion] AS-neutralizer No. 17b Heavy Tesla Rifle Gatling Laser Gatling Laser Gatling Laser Heavy Neutron Cannon Heavy Neutron Cannon 8R-AWN's Boregun Advanced Assault Cannon Heavy Mace [Rating: 62] Favorites ----------- Power Cooled Ion Engine Engine Cooled Ion Engine Power Core Light Nuclear Core Propulsion Light Treads Treads Light Treads Wheel Wheel Hover Unit Cooled Gravmag System Flight Unit Improved Flight Unit Utility Huge Storage Unit Device Seismic Detector Storage Huge Storage Unit Processor Experimental Core Analyzer Hackware Hacking Suite Protection Medium Armor Plating Weapon Gatling Laser Energy Gun Gatling Laser Energy Cannon Heavy Neutron Cannon Ballistic Gun Minigun Ballistic Cannon Advanced Assault Cannon Launcher Rocket Launcher Special Weapon Mining Laser Impact Weapon Heavy Hammer Build | -11 -10 -10 -9 -9 -9 -8 -8 -8 -7 ------- Run | Yrd Mat Min Mat Min Exi Min Mat Sto Fac Slots Evolved 6 | . . . 2 . . . 2 . 2 Power . | . . . . . . . . . . Propulsion 2 | . . . 1 . . . 1 . . Utility 4 | . . . 1 . . . 1 . 2 Weapon . | . . . . . . . . . . Parts Attached 117 | 8 4 9 24 . 19 1 16 12 24 Power 6 | 1 . 1 1 . 2 . 1 . . Engine 4 | 1 . 1 1 . 1 . . . . Core 2 | . . . . . 1 . 1 . . Reactor . | . . . . . . . . . . Propulsion 35 | 2 . 2 8 . 3 . 6 8 6 Treads 23 | 2 . . 7 . 3 . 4 7 . Leg . | . . . . . . . . . . Wheel 9 | . . 2 . . . . 2 . 5 Hover 1 | . . . . . . . . . 1 Flight 2 | . . . 1 . . . . 1 . Utility 40 | 2 2 4 5 . 8 1 6 3 9 Device 14 | 1 . 1 . . 3 1 2 . 6 Storage 5 | 1 1 1 1 . . . . . 1 Processor 6 | . . . 1 . 1 . 3 . 1 Hackware 1 | . . . . . . . 1 . . Protection 14 | . 1 2 3 . 4 . . 3 1 Artifact . | . . . . . . . . . . Weapon 36 | 3 2 2 10 . 6 . 3 1 9 Energy Gun 13 | 2 . . 5 . . . 2 1 3 Energy Cannon 2 | . . . . . . . . . 2 Ballistic Gun 12 | 1 2 2 1 . 5 . . . 1 Ballistic Cannon 1 | . . . . . . . . . 1 Launcher 4 | . . . 3 . . . . . 1 Special Weapon 2 | . . . 1 . . . . . 1 Impact Weapon 2 | . . . . . 1 . 1 . . Slashing Weapon . | . . . . . . . . . . Piercing Weapon . | . . . . . . . . . . Special Melee Weapon . | . . . . . . . . . . Unidentified Prototypes 20 | . . 1 4 . 5 . 1 1 8 Parts Lost 42 | . . 9 1 . 4 1 4 . 23 Power 3 | . . 1 . . . . . . 2 Propulsion 15 | . . 2 . . 2 . 2 . 9 Utility 12 | . . 3 . . 1 1 1 . 6 Weapon 12 | . . 3 1 . 1 . 1 . 6 Highest Loss Streak 10 | . . 9 1 . 3 1 2 . 10 To Critical Strikes 3 | . . . . . 3 . . . . Average Backups 21 | 2 9 13 19 25 20 23 24 24 22 Power 1 | . . . . 1 1 1 1 1 . Propulsion 5 | 1 2 1 6 7 4 6 4 6 4 Utility 8 | . 2 3 5 9 7 10 11 10 10 Weapon 6 | . 4 8 6 8 6 5 6 6 7 Tool/Special . | . . . . . . . . . . Unused Backups 38 | . 2 . 10 . 6 1 2 5 12 Power 7 | . 1 . 1 . 4 . . 1 . Propulsion 10 | . . . 4 . . . . 2 4 Utility 14 | . 1 . 1 . 1 1 1 2 7 Weapon 7 | . . . 4 . 1 . 1 . 1 Tool/Special . | . . . . . . . . . . Average Slot Usage (%) 98 | . 100 94 99 100 99 100 96 99 89 Engine 8 | . 14 12 10 11 11 11 8 . . Core 2 | . . . . . . . . 9 6 Treads 30 | . 28 23 29 33 33 33 29 34 13 Wheel 2 | . . 3 2 . . . 4 1 13 Device 10 | . 12 1 14 21 5 9 5 10 12 Storage 10 | . 14 14 11 11 11 11 9 9 7 Processor 4 | . . . 1 . 2 . 8 9 14 Protection 7 | . 1 11 6 . 13 12 6 7 4 Energy Gun 12 | . 1 2 19 22 5 . 15 17 12 Ballistic Gun 7 | . 26 25 2 . 13 22 1 . 1 Peak Build Rating 62 | 7 11 20 26 26 33 31 40 44 62 Average Rating 29 | 5 10 11 22 25 24 29 35 41 48 On Entrance 22 | . 7 11 13 26 25 31 27 40 42 Avg Prop Armor Cover (%) 15 | . . . 9 . . . 19 16 15 Naked Turns . | . . . . . . . . . . Heaviest Build 109 | 12 50 56 102 96 108 109 105 102 102 Greatest Support 85 | 40 40 40 60 60 66 63 85 82 82 Greatest Overweight (x) 27 | . 1 1 1 1 1 1 9 3 27 Average Overweight (x) 1 | . . 1 . 1 . 1 2 1 3 Largest Inventory Capacity 25 | 8 20 20 25 25 25 25 25 25 25 Average Capacity 23 | 7 14 20 21 25 21 25 25 25 25 Most Carried 25 | 4 14 15 25 25 25 25 25 25 25 Average Carried 21 | 2 9 13 19 25 20 24 24 24 22 Final Capacity 25 | 8 20 20 25 25 25 25 25 25 25 Final Carried 25 | 4 14 9 25 25 25 24 25 25 20 Class Distribution -------------------- 64% | Mutant 30% | Scavenger-Mutant 5% | Commander-Mutant Dominant Class ---------------- Mutant | -10/Materials Mutant | -10/Mines Mutant | -9/Materials Mutant | -9/Mines Mutant | -9/Exiles Mutant | -8/Mines Mutant | -8/Materials Scavenger-Mutant | -8/Storage Scavenger-Mutant | -7/Factory Resources | -11 -10 -10 -9 -9 -9 -8 -8 -8 -7 ----------- Run | Yrd Mat Min Mat Min Exi Min Mat Sto Fac Matter Collected 5387 | 304 . 107 1548 298 1324 482 645 331 348 Remotely . | . . . . . . . . . . Salvage Created 6651 | 136 . 107 1594 44 556 388 807 1164 1855 Parts 429 | 7 . 4 109 7 70 23 39 72 98 Haulers Intercepted 18 | . . . 6 . . . 4 4 4 Recyclers Shooed 9 | 1 . 1 . . . . 3 2 2 Parts Field Recycled . | . . . . . . . . . . Retrieved Matter . | . . . . . . . . . . Parts Self-Destructed . | . . . . . . . . . . Prevented . | . . . . . . . . . . Parts Restored . | . . . . . . . . . . Kills | -11 -10 -10 -9 -9 -9 -8 -8 -8 -7 ------- Run | Yrd Mat Min Mat Min Exi Min Mat Sto Fac Combat Hostiles Destroyed 110 | . . 1 25 1 4 11 13 22 33 Guns 80 | . . 1 16 1 1 9 13 19 20 AOE 29 | . . . 8 . 3 2 . 3 13 Classes Destroyed 20 | 2 . . 10 . 3 1 1 . 3 Worker 24 | . . . 6 . . . 2 1 15 Builder 10 | . . . 3 . . . . 1 6 Tunneler 6 | 2 . . . 1 . 1 . . 2 Hauler 18 | . . . 6 . . . 4 4 4 Recycler 8 | 1 . . 1 . . 2 1 1 2 Mechanic 3 | . . . . . . . 1 1 1 Operator 4 | . . . 1 . . . 1 1 1 Turret 1 | . . . . . 1 . . . . Watcher 6 | . . . 4 . . . . 1 1 Swarmer 24 | . . . 3 1 . 9 2 6 3 Grunt 45 | . . . 12 . . . 10 6 17 Brawler 3 | . . . 2 . . . . . 1 Duelist 2 | . . . 1 . . . . . 1 Protector 2 | . . . . . . . . . 2 Sentry 18 | . . . 7 . . . 1 9 1 Specialist 2 | . . . . . . . . . 2 Hunter 8 | . . . . . . 2 . 1 5 Programmer 4 | . . . . . . . . . 4 Zionite 8 | . . . . . 8 . . . . Assembled 3 | . . . . . 3 . . . . Best Kill Streak 26 | 3 . 1 8 1 9 4 4 9 26 Combat Bots Only 10 | . . 1 5 1 3 4 4 7 10 Max Kills in Single Turn 15 | 1 . 1 3 1 2 2 1 2 15 Gunslinging . | . . . . . . . . . . Exploded 3 | . . . 2 . 2 2 . 2 3 Melee . | . . . . . . . . . . Uniques/NPCs Destroyed 5 | . . 1 . . 4 . . . . YI-UF0 (-10/Mines) 8R-AWN (-9/Exiles) EX-DEC (-9/Exiles) EX-HEX (-9/Exiles) EX-BIN (-9/Exiles) Combat | -11 -10 -10 -9 -9 -9 -8 -8 -8 -7 -------- Run | Yrd Mat Min Mat Min Exi Min Mat Sto Fac Hostile Shots Fired 632 | . . 54 58 . 73 65 74 47 261 Missed 200 | . . 18 17 . 11 11 15 18 110 Hits 432 | . . 36 41 . 62 54 59 29 151 Projectile 432 | . . 36 41 . 62 54 59 29 151 AOE 43 | . . 43 . . . . . . . Critical Strikes 40 | . . . . . 30 2 3 . 5 Damage Taken 7740 | . . 1460 529 24 1053 551 886 401 2836 Core 1376 | . . 211 63 . 164 56 99 72 711 Absorbed by Shields . | . . . . . . . . . . Regen/Repaired (Parts) 292 | . . . . . . . 130 162 . Core Remaining (%) 53 | 100 . 15 . . . 29 . 68 . Volleys Fired 385 | 8 . 20 71 2 84 30 51 43 76 Largest 2 | 2 . 2 2 2 2 2 2 2 2 Hottest 160 | 60 . 63 90 90 50 50 160 160 160 Shots Fired 708 | 16 . 37 130 4 148 59 99 83 132 Gun 678 | 16 . 37 123 4 146 58 99 80 115 Cannon 9 | . . . . . . . . . 9 Launcher 20 | . . . 7 . 2 1 . 3 7 Special 1 | . . . . . . . . . 1 Kinetic 336 | 8 . 33 27 . 146 58 32 . 32 Thermal 282 | 8 . 4 31 . . . 67 80 92 Explosive 20 | . . . 7 . 2 1 . 3 7 Electromagnetic 69 | . . . 65 4 . . . . . Robot Hit Streak 19 | 5 . 8 14 6 10 15 19 16 19 Robot Miss Streak 6 | 5 . 4 4 1 4 2 6 6 4 Penetration Max 2 | . . . . . 1 . . . 2 Secondary Targets 10 | . . . 1 . . 2 2 . 5 Max Gunslinging Chain 1 | . . . 1 . . 1 1 . 1 Shots Hit Robots 527 | 9 . 23 95 2 97 42 86 61 112 Core Hits 404 | 4 . 5 75 2 33 18 54 65 148 Critical Kills 6 | . . . . . 2 . . . 4 Critical Parts Destroyed 11 | . . . . . 4 . 1 . 6 Critical Strikes 20 | . . . 2 . 7 . 1 . 10 Burn 2 | . . . 2 . . . . . . Destroy 15 | . . . . . 5 . . . 10 Smash 3 | . . . . . 2 . 1 . . Melee Attacks 12 | . . . . . 7 . 4 1 . Impact 12 | . . . . . 7 . 4 1 . Slashing . | . . . . . . . . . . Piercing . | . . . . . . . . . . Sneak Attacks . | . . . . . . . . . . Combat Hostiles . | . . . . . . . . . . Follow-up Attacks . | . . . . . . . . . . Damage Inflicted 16885 | 114 . 330 2656 61 2173 802 1967 1488 7294 Guns 9649 | 114 . 330 1524 32 1549 666 1810 1320 2304 Cannons 211 | . . . . . . . . . 211 Explosions 6297 | . . . 1132 . 104 117 . 165 4779 Melee 677 | . . . . . 520 . 157 . . Ramming 51 | . . . . 29 . 19 . 3 . Kinetic 3807 | 70 . 296 233 . 1549 666 441 . 552 Thermal 7567 | 44 . 34 609 . . . 1369 1320 4191 Explosive 3807 | . . . 870 . 104 117 . 165 2551 Electromagnetic 976 | . . . 944 32 . . . . . Impact 677 | . . . . . 520 . 157 . . Slashing . | . . . . . . . . . . Piercing . | . . . . . . . . . . Highest Corruption 2 | . . . . . . . . . 2 Average Corruption 1 | . . . . . . . . . 1 Corruption Purged . | . . . . . . . . . . Corruption Blocked . | . . . . . . . . . . Effects 7 | . . . . . . . . . 7 Message Errors 1 | . . . . . . . . . 1 Matter Fused 3 | . . . . . . . . . 3 Heat Flow Errors 1 | . . . . . . . . . 1 Energy Discharges 1 | . . . . . . . . . 1 Data Loss (minor) 1 | . . . . . . . . . 1 Overload Shots . | . . . . . . . . . . Overflow Damage 675 | . . . 50 1 158 . 38 . 428 Projectiles . | . . . . . . . . . . Explosions 478 | . . . 50 . . . . . 428 Melee 197 | . . . . 1 158 . 38 . . Knockbacks 4 | . . . . 1 . . 3 . . Impact 4 | . . . . 1 . . 3 . . Kinetic . | . . . . . . . . . . Secondary . | . . . . . . . . . . Self-Inflicted Damage 124 | . . . 18 24 . . . 1 81 Shots 4 | . . . 1 1 . . . . 2 Rammed 4 | . . . . 2 . 1 . 1 . Targets Rammed 4 | . . . . 2 . 1 . 1 . Kicked . | . . . . . . . . . . Crushed . | . . . . . . . . . . Highest Temperature 265 | . . . 156 . 12 29 265 104 229 Average Temperature 39 | . . . 52 . 6 10 60 31 52 Received Heat Transfer 1602 | . . . 186 . . . 504 135 777 Effects 3 | . . . . . . . 3 . . Interference 3 | . . . . . . . 3 . . Siege Activations . | . . . . . . . . . . Martial Activations . | . . . . . . . . . . Shielding Activations . | . . . . . . . . . . Robots Disrupted . | . . . . . . . . . . Combat Hostiles . | . . . . . . . . . . Robots Corrupted 1 | . . . 1 . . . . . . Combat Hostiles 1 | . . . 1 . . . . . . Parts Fried 4 | . . . 4 . . . . . . Impact Corruptions 5 | . . . . 1 3 . 1 . . Robots Melted . | . . . . . . . . . . Combat Hostiles . | . . . . . . . . . . Parts Melted 26 | . . . 5 . . . 7 5 9 Heat Transferred 13074 | 100 . 75 1187 . . . 3125 3000 5587 Parts Sabotaged . | . . . . . . . . . . Parts Stolen . | . . . . . . . . . . Parts Stripped . | . . . . . . . . . . Power Chain Reactions 4 | . . . 3 1 . . . . . Alert | -11 -10 -10 -9 -9 -9 -8 -8 -8 -7 ------- Run | Yrd Mat Min Mat Min Exi Min Mat Sto Fac Maximum Alert Level 2 | . . . 1 . . . . 1 2 Low Security (%) 72 | 100 100 100 86 100 . 100 100 7 45 Level 1 22 | . . . 13 . . . . 92 1 Level 2 5 | . . . . . . . . . 53 Level 3 . | . . . . . . . . . . Level 4 . | . . . . . . . . . . Level 5 . | . . . . . . . . . . High Security . | . . . . . . . . . . Max Security . | . . . . . . . . . . Peak Influence 691 | 15 4 . 318 89 . 114 131 353 691 Initial 109 | . . . . 26 . . . 51 109 Average 126 | 2 . . 131 16 . 25 12 262 348 Influence Increases 3807 | 15 4 . 856 184 . 309 399 840 1200 Destroy 0b10 Robot/C 2220 | . . . 500 140 . 220 260 460 640 Destroy 0b10 Robot/NC 410 | 15 . . 105 5 . 15 45 55 170 Destroy Leader 548 | . . . 150 20 . 50 48 152 128 Allied During Kill 71 | . . . . 13 . . . 22 36 Successful Hack 66 | . 4 . 2 . . . 16 44 . Disable Machine 255 | . . . 45 . . . . . 210 Destroy Structure 117 | . . . 54 6 . 9 . 32 16 Lose Combat Pursuer 120 | . . . . . . 15 30 75 . Influence Decreases 3149 | 15 4 . 788 219 33 309 276 722 783 Entered New Map 279 | . . . . 42 33 . . 72 132 Time Decay 2371 | 15 4 . 628 177 . 299 246 620 382 Lost Part 280 | . . . 10 . . 10 30 . 230 Lost Ally 69 | . . . . . . . . 30 39 Purge Threat 150 | . . . 150 . . . . . . Squads Dispatched 19 | . . . 2 . . . 2 4 11 Investigation . | . . . . . . . . . . Extermination 2 | . . . . . . . . . 2 Reinforcement 10 | . . . 2 . . . 1 1 6 Assault 2 | . . . . . . . . . 2 Garrison 5 | . . . . . . . 1 3 1 Intercept . | . . . . . . . . . . Searches Triggered . | . . . . . . . . . . Construction Impeded 3 | . . . 1 . . . . . 2 Haulers Reinforced 1 | . . . . . . . . . 1 Active Scanning Responses . | . . . . . . . . . . Cargo Convoy Interrupts 1 | . . . . . . . . . 1 Stealth | -11 -10 -10 -9 -9 -9 -8 -8 -8 -7 --------- Run | Yrd Mat Min Mat Min Exi Min Mat Sto Fac Distress Signals 12 | . . . 2 . . . . 7 3 Communications Jammed . | . . . . . . . . . . Distress Signals . | . . . . . . . . . . Times Spotted 182 | . 3 1 39 4 13 12 24 33 53 Peak Tracking Total 12 | . 2 1 5 1 9 4 5 6 12 Tactical Retreats 9 | . . . . . 2 1 2 4 . Traps | -11 -10 -10 -9 -9 -9 -8 -8 -8 -7 ------- Run | Yrd Mat Min Mat Min Exi Min Mat Sto Fac Traps Triggered 9 | . . . 2 . . . . 6 1 Indirectly . | . . . . . . . . . . Trap Hack Attempts . | . . . . . . . . . . Triggered . | . . . . . . . . . . Disarmed . | . . . . . . . . . . Reprogrammed . | . . . . . . . . . . Reused . | . . . . . . . . . . Traps Extracted . | . . . . . . . . . . Installed . | . . . . . . . . . . Triggered . | . . . . . . . . . . Machines | -11 -10 -10 -9 -9 -9 -8 -8 -8 -7 ---------- Run | Yrd Mat Min Mat Min Exi Min Mat Sto Fac Machines Disabled 31 | . . . 3 . 14 . . . 14 Max in Single Turn 14 | . . . 1 . 2 . . . 14 Garrison Access 1 | . . . . . . . . 1 . Machines Repaired . | . . . . . . . . . . Machines Dismantled . | . . . . . . . . . . Machines Sabotaged . | . . . . . . . . . . Overloaded Fab Kills . | . . . . . . . . . . Hacking | -11 -10 -10 -9 -9 -9 -8 -8 -8 -7 --------- Run | Yrd Mat Min Mat Min Exi Min Mat Sto Fac Machines Accessed 26 | . 2 . 4 . 1 . 6 11 2 Terminals 18 | . 2 . 3 . . . 3 8 2 Fabricators . | . . . . . . . . . . Repair Stations 2 | . . . . . . . 1 1 . Recycling Units 2 | . . . . . . . 1 1 . Scanalyzers 2 | . . . 1 . . . 1 . . Garrison Access 1 | . . . . . . . . 1 . Total Hacks 67 | . 5 . 10 . 1 . 13 33 5 Successful 35 | . 1 . 5 . 1 . 10 18 . Failed 31 | . 4 . 4 . . . 3 15 5 Catastrophic 5 | . . . 1 . . . 1 1 2 Database Lockouts 1 | . . . 1 . . . . . . Manual 24 | . 4 . 3 . . . 5 12 . Terminals 43 | . 5 . 8 . . . 7 18 5 Fabricators . | . . . . . . . . . . Repair Stations 13 | . . . . . . . 2 11 . Recycling Units 4 | . . . . . . . 1 3 . Scanalyzers 5 | . . . 2 . . . 3 . . Garrison Access 1 | . . . . . . . . 1 . Terminal Hacks 15 | . 1 . 3 . 1 . 4 6 . Record 1 | . . . . . 1 . . . . Prototype ID Bank 2 | . . . 1 . . . . 1 . Open Door 3 | . . . . . . . . 3 . Branch Access Points 1 | . . . . . . . 1 . . Terminal Index 1 | . . . . . . . . 1 . Unreport Threat 1 | . . . 1 . . . . . . Locate Traps 4 | . 1 . 1 . . . 1 1 . Hauler Manifests 1 | . . . . . . . 1 . . Zone Layout 1 | . . . . . . . 1 . . Fabricator Hacks . | . . . . . . . . . . Repair Station Hacks 9 | . . . . . . . 2 7 . Scan Component 5 | . . . . . . . 1 4 . Repair 4 | . . . . . . . 1 3 . Recycling Unit Hacks 1 | . . . . . . . 1 . . Retrieve Components 1 | . . . . . . . 1 . . Scanalyzer 4 | . . . 1 . . . 3 . . Insert Component 1 | . . . . . . . 1 . . Analyze 2 | . . . . . . . 2 . . Retrieve Study 1 | . . . 1 . . . . . . Garrison Access Hacks 1 | . . . . . . . . 1 . Seal Access 1 | . . . . . . . . 1 . Unauthorized Hacks 5 | . . . 1 . . . . 4 . Terminals 4 | . . . 1 . . . . 3 . Assimilate 1 | . . . . . . . . 1 . Botnet 1 | . . . . . . . . 1 . Operators 2 | . . . 1 . . . . 1 . Fabricators . | . . . . . . . . . . Repair Stations . | . . . . . . . . . . Recycling Units 1 | . . . . . . . . 1 . Reject 1 | . . . . . . . . 1 . Scanalyzers . | . . . . . . . . . . Garrison Access . | . . . . . . . . . . Data Cores Recovered . | . . . . . . . . . . Used . | . . . . . . . . . . Hacking Detections 19 | . 2 . 3 . . . 5 7 2 Full Trace Events . | . . . . . . . . . . Feedback Events . | . . . . . . . . . . Feedback Blocked . | . . . . . . . . . . Robot Schematics Acquired . | . . . . . . . . . . Robots Built . | . . . . . . . . . . Authchips . | . . . . . . . . . . Time . | . . . . . . . . . . Total Robot Build Rating . | . . . . . . . . . . Part Schematics Acquired 1 | . . . . . . . 1 . . Parts Built . | . . . . . . . . . . Authchips . | . . . . . . . . . . Time . | . . . . . . . . . . Total Part Build Rating . | . . . . . . . . . . Part Studies Acquired 1 | . . . 1 . . . . . . Parts Repaired 4 | . . . . . . . 1 3 . Time 209 | . . . . . . . 26 183 . Parts Recycled . | . . . . . . . . . . Recycled Matter . | . . . . . . . . . . Retrieved Matter . | . . . . . . . . . . Retrieved Components 10 | . . . . . . . 10 . . Parts Scanalyzed 1 | . . . . . . . 1 . . Part Schematics Acquired 1 | . . . . . . . 1 . . Parts Damaged . | . . . . . . . . . . Bothacking | -11 -10 -10 -9 -9 -9 -8 -8 -8 -7 ------------ Run | Yrd Mat Min Mat Min Exi Min Mat Sto Fac Used RIF Installer . | . . . . . . . . . . Robots Hacked 1 | . . . . . . . . . 1 Non-combat 1 | . . . . . . . . . 1 Combat . | . . . . . . . . . . Robot Hacks Applied 1 | . . . . . . . . . 1 find_chute 1 | . . . . . . . . . 1 Relay Couplers Released 3 | . . . . . . . . . 3 Programmers 3 | . . . . . . . . . 3 Fabnet Peak Effective % . | . . . . . . . . . . Robots Rewired . | . . . . . . . . . . Allies Hacked . | . . . . . . . . . . Hacks Repelled . | . . . . . . . . . . Allies | -11 -10 -10 -9 -9 -9 -8 -8 -8 -7 -------- Run | Yrd Mat Min Mat Min Exi Min Mat Sto Fac Total Allies 14 | . . . . 3 . . . 11 . Largest Group 10 | . . . . 3 1 . . 10 8 Highest-Rated Group 173 | . . . . 40 16 . . 173 141 Highest-Rated Ally 29 | . . . . 16 16 . . 29 29 Total Orders 2 | . . . . . 2 . . . . STAY 1 | . . . . . 1 . . . . FOLLOW 1 | . . . . . 1 . . . . Ally Attacks 62 | . . . . 18 . . . 23 21 Total Damage 614 | . . . . 236 . . . 202 176 Kills 9 | . . . . 6 . . . 2 1 Allies Corrupted . | . . . . . . . . . . Allies Melted . | . . . . . . . . . . Intel | -11 -10 -10 -9 -9 -9 -8 -8 -8 -7 ------- Run | Yrd Mat Min Mat Min Exi Min Mat Sto Fac Active Infowar (turns) 5661 | 37 258 47 1057 1232 653 1144 469 234 530 Seismic 5594 | 37 258 47 1057 1232 653 1144 469 234 463 Jamming 67 | . . . . . . . . . 67 Robot Analysis Total . | . . . . . . . . . . Derelict Logs Recovered 2 | . . 1 . 1 . . . . . Drone Launches . | . . . . . . . . . . Drone Recoveries . | . . . . . . . . . . Exploration | -11 -10 -10 -9 -9 -9 -8 -8 -8 -7 ------------- Run | Yrd Mat Min Mat Min Exi Min Mat Sto Fac Turns Passed 12826 | 137 292 419 2557 1233 2458 1291 1336 2087 1016 Spaces Moved 5132 | 63 136 162 1176 503 934 498 516 708 436 Core 3 | 2 . . . . . . . . 1 Treads 4241 | 61 136 128 993 503 934 498 316 635 37 Legs . | . . . . . . . . . . Wheels 888 | . . 34 183 . . . 200 73 398 Hover . | . . . . . . . . . . Flight . | . . . . . . . . . . Fastest Speed 50 | 50 160 115 115 240 160 240 135 135 115 Average Speed 206 | 156 200 213 179 240 226 240 203 225 145 Slowest Speed 1400 | 160 240 240 240 240 240 240 240 236 1400 Overloaded Moves . | . . . . . . . . . . Propulsion Burnouts . | . . . . . . . . . . Robots Hopped . | . . . . . . . . . . Potential Cave-ins . | . . . . . . . . . . Cave-ins Triggered . | . . . . . . . . . . Exploration Rate (%) 56 | 4 25 25 84 97 75 99 47 86 18 Regions Visited 9 Branch Regions 5 Pre-discovered Areas 2 | . . . . . 1 . . 1 . Known Exits Taken 1 | . . . . . . . 1 . . Unknown Exits Taken 8 | 1 1 1 1 1 1 1 . 1 . Scrap Searched 2 | . . . . 1 . 1 . . . Spaces Dug 24 | . . . 7 . 4 12 . 1 . Terrain Destroyed 135 | . . . 53 6 13 12 . 30 21 Melee 1 | . . . . . . . . 1 . Projectile 3 | . . . . . 2 . . . 1 AOE 130 | . . . 53 6 11 12 . 29 19 Terrain Rammed . | . . . . . . . . . . Walls Destroyed . | . . . . . . . . . . Machines Disabled . | . . . . . . . . . . Actions | -11 -10 -10 -9 -9 -9 -8 -8 -8 -7 --------- Run | Yrd Mat Min Mat Min Exi Min Mat Sto Fac Total 6610 | 82 158 195 1495 522 1156 543 692 1101 666 Wait 606 | . . . 127 15 37 1 70 282 74 Move 5123 | 62 135 161 1175 502 933 497 515 707 436 Hop . | . . . . . . . . . . Pick Up 111 | 3 11 2 37 . 22 3 10 10 13 Fast Attach 52 | 8 3 2 11 . 6 . 6 4 12 Attach 52 | . . 7 5 . 13 1 5 1 20 Detach 36 | 1 2 . 5 . 13 . 4 . 11 Swap 108 | . 2 3 34 1 14 8 15 18 13 Drop 105 | . 5 . 30 . 27 2 12 18 11 Fire 385 | 8 . 20 71 2 84 30 51 43 76 Melee 12 | . . . . . 7 . 4 1 . Ram 1 | . . . . . . . . 1 . Kick . | . . . . . . . . . . Crush 3 | . . . . 2 . 1 . . . Escape Stasis 16 | . . . . . . . . 16 . Rewire . | . . . . . . . . . . Trap . | . . . . . . . . . . Miscellaneous . | . . . . . . . . . . Route ------- -11/Scrapyard -10/Materials -10/Mines -9/Materials (discovered 4 exits: *Mat x3 / [*Min]) -9/Mines (discovered 4 exits: *Mat x2 / *Exi / [*Zio]) -9/Exiles -8/Mines (discovered 2 exits: *Mat x2) -8/Materials (discovered 2 exits: *Fac / *Sto) -8/Storage -7/Factory (discovered 1 exit: [*Low]) History --------- Turn | Location | Event 6 | -11/Scrapyard | Discovered new exit (range 15) 138 | -11/Scrapyard | Entered Materials 300 | -10/Materials | Build established: Mutant 385 | -10/Materials | Discovered new exit (range 16) 430 | -10/Materials | Entered Mines 479 | -10/Mines | YI-UF0 nonchalantly dropped a Grenade Launcher on the ground 575 | -10/Mines | Learned Materials emergency access door positions 775 | -10/Mines | Core integrity fell below 50% 796 | -10/Mines | Destroyed YI-UF0 797 | -10/Mines | Core integrity fell below 20% 807 | -10/Mines | Found Prototype Storage 817 | -10/Mines | Identified YI-UF0's Bottomless Matter Pit 819 | -10/Mines | Lost 9 parts (1p2n3u3w) 832 | -10/Mines | Discovered new exit (range 8) 849 | -10/Mines | Entered Materials 849 | -9/Materials | Evolved 2 slots: Propulsion x1, Utility x1 866 | -9/Materials | Central database locked down 1215 | -9/Materials | Discovered new exit (range 13) 1425 | -9/Materials | Build established: Scavenger-Mutant 1788 | -9/Materials | Discovered new exit (range 15) 2056 | -9/Materials | Discovered new exit (range 9) 2446 | -9/Materials | Discovered new exit (range 16) 2536 | -9/Materials | Build established: Mutant 3406 | -9/Materials | Entered Mines 3441 | -9/Mines | Met a Derelict bent on vengeance 3482 | -9/Mines | A Derelict revealed a hidden shortcut to a safe place 3753 | -9/Mines | Discovered new exit (range 11) 3801 | -9/Mines | Assisted by bots powering up and referring to "LRC-V3" 3942 | -9/Mines | Found a hidden stash of uninstalled traps 4000 | -9/Mines | Learned Materials emergency access door positions 4230 | -9/Mines | Discovered new exit (range 9) 4625 | -9/Mines | Deemed a non-threat by the Exiles lab entrance 4625 | -9/Mines | Discovered new exit (range 5) 4639 | -9/Mines | Entered Exiles 4639 | -9/Exiles | Accompanied by 1 ally 4697 | -9/Exiles | Met 8R-AWN 4738 | -9/Exiles | Met EX-HEX 4827 | -9/Exiles | Met EX-DEC 4870 | -9/Exiles | Learned location of Zion (-7) 5070 | -9/Exiles | Visited The Gauntlet 5254 | -9/Exiles | Discovered new exit (range 14) 5659 | -9/Exiles | Met EX-BIN 6057 | -9/Exiles | Attacked by the Exiles 6210 | -9/Exiles | Core integrity fell below 50% 6246 | -9/Exiles | Destroyed 8R-AWN 6257 | -9/Exiles | Found Prototype Ballistic Gun 6261 | -9/Exiles | Lost 3 parts (1n1u1w) 6261 | -9/Exiles | Found Prototype Ballistic Gun 6268 | -9/Exiles | Found Prototype Device 6268 | -9/Exiles | Identified AS-neutralizer No. 17b 6275 | -9/Exiles | Found Prototype Processor 6321 | -9/Exiles | Identified 8R-AWN's Boregun (x2) 6458 | -9/Exiles | Destroyed EX-DEC 6477 | -9/Exiles | Destroyed EX-HEX 6490 | -9/Exiles | Destroyed EX-BIN 6690 | -9/Exiles | Found Prototype Processor 7014 | -9/Exiles | Found Prototype Protection 7097 | -9/Exiles | Entered Mines 7097 | -8/Mines | Accompanied by 1 ally 7180 | -8/Mines | Found a Scrap Suit stashed away for nefarious purposes 7495 | -8/Mines | Discovered new exit (range 12) 8011 | -8/Mines | Discovered new exit (range 11) 8388 | -8/Mines | Entered Materials 8388 | -8/Materials | Evolved 2 slots: Propulsion x1, Utility x1 8995 | -8/Materials | Identified exit to Storage 8995 | -8/Materials | Discovered new exit (range 14) 9132 | -8/Materials | Repaired Lgt. Treads 9581 | -8/Materials | Identified Exp. Core Analyzer 9665 | -8/Materials | Garrison activated, responded to threat 9724 | -8/Materials | Entered Storage 9725 | -8/Storage | Build established: Scavenger-Mutant 9899 | -8/Storage | Destroyed 7 combat bots 10124 | -8/Storage | Garrison activated, responded to threat 10944 | -8/Storage | Repaired Gatling Laser 10989 | -8/Storage | Repaired Gatling Laser 11086 | -8/Storage | Repaired Broken Cmb. Antigrav System 11115 | -8/Storage | Discovered new exit (range 15) 11318 | -8/Storage | Learned location of Armory (-3) 11498 | -8/Storage | Assisted by bots powering up and referring to "LRC-V3" 11785 | -8/Storage | Build established: Commander-Mutant 11811 | -8/Storage | Entered Factory 11811 | -7/Factory | Accompanied by 8 allies 11811 | -7/Factory | Evolved 2 slots: Utility x2 11812 | -7/Factory | Identified Exp. Targeting Computer 12158 | -7/Factory | Discovered new exit (range 16) 12206 | -7/Factory | Lost 4 allies 12302 | -7/Factory | Lost 4 allies 12331 | -7/Factory | Destroyed 10 combat bots 12476 | -7/Factory | Build established: Scavenger-Mutant 12485 | -7/Factory | Cargo convoy interrupted 12530 | -7/Factory | Destroyed 9 combat bots 12534 | -7/Factory | Lost 9 parts (1p4n1u3w) 12580 | -7/Factory | Garrison activated, responded to threat 12611 | -7/Factory | First assault squad dispatched 12746 | -7/Factory | Core integrity fell below 50% 12798 | -7/Factory | Core integrity fell below 20% 12811 | -7/Factory | Lost 10 parts (1p3n3u3w) 12827 | -7/Factory | Destroyed by H-61 Shepherd with Heavy Assault Cannon Last Messages --------------- 12808_ U-05 Engineer builds a Wall. 12809_ R-06 Scavenger collects Aluminum Leg. 12810_ Slug penetrates Wall. 12811_ K-01 Serf collects debris. 12812_ U-05 Engineer builds a Wall. 12812_ R-06 Scavenger collects Aluminum Leg. 12813_ Slug penetrates Wall. 12815_ K-01 Serf collects debris. 12816_ U-05 Engineer builds a Wall. 12817_ R-06 Scavenger collects Rnf. Deuterium Engine. 12818_ K-01 Serf collects debris. 12820_ U-05 Engineer builds a Wall. 12821_ K-01 Serf collects debris. 12823_ U-05 Engineer builds a Wall. 12825_ Lgt. Treads destroyed. 12825_ Knocked back. 12825_ K-01 Serf collects debris. 12827_ H-61 Shepherd calls for reinforcements. 12827_ ALERT: Hostile activity reported, dispatching reinforcements to area. Map ----- +----------------------------------------------------+ | ??????????????????????????????# # | | ??????????????????????????????# # | | ??????????????????????????????# # """" """" | | ??????????????????????????????# # """" """" | | ??????????????????????????????# # """" """" | | ??????????????????????????????+ + """" """" | | ??????????????????????????????# # | | ??????????????????????????????# # """" """" | | ??????????????????????????????# # """" ""?? | | ??????????????????????????????# # """" "??? | | ??????????????????????????????#^ ^^^ # """" "??? | | ??????????????????????????????# # ????? | | ??????????????????????????????# #######????? | | ??????????????????????????????# #??????????? | | ?????????????????????????????## #??????????? | | ???????????????????????????? ## #??????????? | | ???????????????????????????" ?# % #??????????? | | ??????????????????????????"" ?# %#??????????? | | ??????????????????????????""?## ###????????? | | ?????????????????????????? ?# "#????????? | | ??????????? ##############+### % k #?????????? | | ?????????? gH a % % #?????????? | | ?????????? = [% % #?????????? | | ????????? ] %%%*%=% % #?????????? | | ???????????"" % == #?????????? | | ???????????"" %= @u !H #?????????? | | ???????????"" ####;##um #?????????? | | ????????? ???????## % #?????????? | | ??????????""" """??????????### ###????? ??? | | ???????????"" ?""??????????????# ####### ? | | ???????????????????????????????# ? | | ???????????????????????????????# T?? | | ???????????????????????????????# " "?? | | ???????????????????????????????# % ? | | ???????????????????????????????# [ ? | | ???????????????????????????????# %####### ? | | ???????????????????????????????# #??????? ?? | | ???????????????????????????????# #????????#??? | | ???????????????????????????????# #???????????? | | ???????????????????????????????# #???????????? | | ???????????????????????????????# #???????????? | | ???????????????????????????????# #???????????? | | ??????????????????????????????## #???????????? | | ??????????????????????????????# ########????? | | ??????????????????????????????#T #????? | | ??????????????????????????????## #????? | | ???????????????????????????????# #????? | | ???????????????????????????????# !! #????? | | ???????????????????????????????# [ !!! #????? | | ???????????????????????????????########!! ! #????? | +----------------------------------------------------+ Best States ------------- Heat Dissipation 78 Energy Generation 19 Energy Capacity 290 Matter Stores 300 Matter Capacity 300 Sight Range 16 Terrain Scan Density 10 Jamming Range 12 Additional Mass Support 12 Armor Coverage 450 Resistance: EM 15 Evasion (%) 40 Targeting Accuracy 12 Core Analysis 8 Recoil Reduction 4 Particle Charging 30 Salvage Targeting 1 Offensive Hacking 10 Authchip Count 1 Item Schematics ----------------- Cmb. Antigrav System | -8/Materials | Scanalyzed Robot Schematics ------------------ None Fabricated ------------ Nothing Repaired ---------- Lgt. Treads | 7% | -8/Materials Gatling Laser | 41% | -8/Storage Gatling Laser | 64% | -8/Storage Cmb. Antigrav System | 60% | -8/Storage | Broken Studied --------- Hvy. Assault Rifle | -9/Materials | Hacked Alien Tech Used ----------------- None Achievements -------------- None Challenges ------------ None Game ------ Seed SuperchargedReflexMatrix Manual? 0 Play Time 01:14:02 Cumulative 960.1 hours Start 2026.04.16 @ 19:59:32 End 2026.04.16 @ 21:35:31 Sessions 1 Manual Loads 0 Difficulty Rogue Special Mode None Game No. 860 Rogue 773 Adventurer 87 Explorer 0 Win Type - Total 65 Types 10/9/33/2/1/1/5/1/1/2 Lore% 97 Gallery% 90 Achievement% 73 Wizard Run 0 Options --------- Layout 0 ASCII 0 Keyboard 1 Movement Numpad Keybinds 0 Fullscreen 2 Font 18/SmallcapsGlow Map View 76x50 Zoom Use 0% Tactical HUD 1 Map Filters NONE Filters NONE Steam 1 RUN: 7154a7af-6ab8-425f-bde7-4524c563e976